 Dungeon Sprint DCSS version 0.26-a0-682-g294304f6e8 (webtiles) character file.

Game seed: 6400897611828295166

15115 mhtbhm the Bludgeoner (level 11, -2/117 HPs)
             Began as a Minotaur Fighter on Oct 20, 2020.
             Was the Champion of Okawaru.
             Slain by an ettin
             ... wielding a +0 great mace of draining
              (11 damage)
             ... in the Dungeon (Sprint IX: "|||||||||||||||||||||||||||||").
             The game lasted 00:05:18 (2714 turns).

mhtbhm the Bludgeoner (Minotaur Fighter)            Turns: 2714, Time: 00:05:19

Health: -2/117     AC: 31    Str: 24    XL:     11   Next: 97%
Magic:  8/10       EV: 14    Int:  5    God:    Okawaru [******]
Gold:   84         SH: 24    Dex: 10    Spells: 10/10 levels left

rFire    + . .     SeeInvis .   a - +3 morningstar (protect)
rCold    + . .     Faith    .   c - +1 tower shield
rNeg     . . .     Spirit   .   b - +1 plate armour {MR+}
rPois    +         Reflect  .   (helmet restricted)
rElec    +         Harm     .   x - scarf {rC+ rF+}
rCorr    .         Rampage  .   v - +1 pair of gloves
MR       +....     NoTele   +   o - +0 pair of boots
Stlth    ..........             (no amulet)
HPRegen  0.29/turn              q - +2 ring of evasion
MPRegen  0.12/turn              A - ring of poison resistance

@: heroism, protection aura, drained
A: retaliatory headbutt, horns 2, sense surroundings 1, electricity resistance,
sturdy frame 1
a: Heroism, Finesse, Renounce Religion


You were in the Dungeon.
You worshipped Okawaru.
Okawaru was exalted by your worship.
You visited 1 branch You collected 1963 gold pieces.
You spent 1879 gold pieces at shops.

Inventory:

Hand Weapons
 a - a +3 morningstar of protection (weapon)
Missiles
 s - 6 atropa-tipped darts (quivered)
Armour
 b - a +1 plate armour of magic resistance (worn)
 c - a +1 tower shield (worn)
 o - a +0 pair of boots (worn)
 v - a +1 pair of gloves (worn)
 x - a scarf of resistance (worn)
Jewellery
 q - a +2 ring of evasion (left hand)
 A - a ring of poison resistance (right hand)
 B - an uncursed ring of protection from cold
 D - an uncursed ring of see invisible
Wands
 n - a wand of acid (3)
 p - a wand of iceblast (6)
 w - a wand of disintegration (19)
Scrolls
 j - 4 scrolls of blinking
 k - 2 scrolls of identify
 l - 2 scrolls of remove curse
 m - 2 scrolls of amnesia
 t - 3 scrolls of fog
 u - 4 scrolls of enchant armour
 y - a scroll of fear
Potions
 d - 2 potions of might
 e - 7 potions of curing
 f - 12 potions of heal wounds
 g - a potion of haste
 h - 4 potions of magic
 i - 3 potions of berserk rage
 z - 2 potions of resistance


   Skills:
 + Level 17.4(21.3) Fighting
 + Level 17.9(21.7) Maces & Flails
 + Level 15.1(19.1) Armour
 + Level 7.4(11.5) Dodging
 + Level 4.8(9.0) Stealth
 + Level 16.9(20.8) Shields
 + Level 2.8(2.1) Evocations


You had 10 spell levels left.
You didn't know any spells.
Your spell library was empty.

Dungeon Overview and Level Annotations

Branches:
Dungeon (1/1)

Altars:
Cheibriados
Dithmenos
Elyvilon
Fedhas
Gozag
Hepliaklqana
Kikubaaqudgha
Makhleb
Nemelex Xobeh
Okawaru
Qazlal
Ru
Sif Muna
Trog
Uskayaw
Vehumet
Wu Jian
Xom
Yredelemnul
Zin
The Shining One
Beogh
Jiyva
Lugonu

Shops:
D :![(


Innate Abilities, Weirdness & Mutations

You reflexively headbutt those who attack you in melee.
You have a pair of horns on your head.
You passively map a small area around you.
You are resistant to electric shocks. (rElec)
Your movements are slightly less encumbered by armour. (ER -2)


Message History

A tengu warrior comes into view. It is wielding a +3 battleaxe.
You completely miss the ettin.
The ettin is heavily wounded.
The tengu warrior shouts!
You hit the ettin but do no damage.
The ettin is heavily wounded.
You block the ettin's attack.
The ettin hits you with a +0 great mace!!
* * * LOW HITPOINT WARNING * * *
You sock the ettin! You headbutt the ettin.
The ettin is severely wounded.
You hit the ettin.
You headbutt the ettin, but do no damage.
The ettin is almost dead.
The ettin hits you with a +0 great mace of draining!!
* * * LOW HITPOINT WARNING * * *
You feel drained.
* * * LOW HITPOINT WARNING * * *
The ettin hits you with a +0 great mace!
You die...

▓_▓.▓.▓.▓.▓.▓.▓
▓_▓.▓.▓.▓)▓.▓)▓ ,
▓'▓.▓'▓.▓)▓.▓=▓ *
▓.▓.▓.▓.▓)▓.▓)▓,
*
▓.▓.▓.▓.▓)▓.▓)▓,
* *
▓)▓.▓.▓.▓.▓.▓[▓ *
* ▓.▓.▓.▓.▓)▓.▓.▓
* * ,*
▓.▓.▓.▓.▓∩▓.▓.▓ ,
, ▓[▓.▓.▓.▓)▓.▓@▓
▓.▓.▓.▓.▓∩▓.▓C▓ ,
,*
▓.▓.▓.▓.▓)▓.▓.▓
▓.▓.▓.▓.▓∩▓.▓.▓,*
* *
▓)▓.▓.▓.▓.▓.▓Q▓ ,
▓)▓.▓.▓.▓∩▓)▓.▓ ,
, ▓.▓.▓)▓.▓.▓.▓.▓
,
▓.▓.▓'▓.▓.▓.▓.▓,
▓.▓.▓.▓.▓.▓(▓ *


You could see an ettin and a tengu warrior.

Vanquished Creatures
  A dire elephant (D)
  A rakshasa (D)
  A deep troll shaman (D)
  An unseen horror (D)
  2 orc knights (D)
  5 orc sorcerers (D)
  A deep elf mage (D)
  An ugly thing (D)
  A cyclops (D)
  7 elephants (D)
  Joseph (D)
  Maurice (D)
  Psyche (D)
  A cane toad (D)
  A komodo dragon (D)
  A freezing wraith (D)
  2 trolls (D)
  A polar bear (D)
  3 yaks (D)
  3 basilisks (D)
  5 water moccasins (D)
  10 orc warriors (D)
  A black bear (D)
  2 boggarts (D)
  An ogre (D)
  A phantom (D)
  A wolf (D)
  5 bullfrogs (D)
  A hound (D)
  4 orc priests (D)
  2 jellies (D)
  2 iguanas (D)
  14 orc wizards (D)
  2 worker ants (D)
  7 orcs (D)
  A bat (D)
  A goblin (D)
  A quokka (D)
  2 frilled lizards (D)
  A jackal skeleton (D)
  A rat (D)
101 creatures vanquished.

Notes
Turn   | Place    | Note
-------+----------+-------------------------------------------
     0 | D        | mhtbhm the Minotaur Fighter began the quest for the Orb.
     0 | D        | Reached XP level 1. HP: 19/19 MP: 0/0
    11 | D        | Banished a spatial maelstrom
   100 | D        | Noticed an iguana
   100 | D        | Noticed a worker ant
   100 | D        | Noticed a hound
   100 | D        | Noticed a phantom
   106 | D        | Killed an iguana
   106 | D        | Reached skill level 5 in Fighting
   106 | D        | Reached skill level 5 in Armour
   106 | D        | Reached skill level 5 in Shields
   106 | D        | Reached XP level 2. HP: 26/29 MP: 1/1
   106 | D        | Reached XP level 3. HP: 33/36 MP: 2/2
   117 | D        | Reached XP level 4. HP: 39/45 MP: 3/3
   130 | D        | Killed a phantom
   130 | D        | Reached skill level 5 in Maces & Flails
   130 | D        | Reached skill level 1 in Dodging
   130 | D        | Reached XP level 5. HP: 48/53 MP: 4/4
   136 | D        | Found a roughly hewn altar of Beogh.
   136 | D        | Found a snail-covered altar of Cheibriados.
   136 | D        | Found a shadowy altar of Dithmenos.
   136 | D        | Found a white marble altar of Elyvilon.
   136 | D        | Found a blossoming altar of Fedhas.
   136 | D        | Found an opulent altar of Gozag.
   137 | D        | Found a hazy altar of Hepliaklqana.
   138 | D        | Found a viscous altar of Jiyva.
   139 | D        | Found an ancient bone altar of Kikubaaqudgha.
   140 | D        | Found a corrupted altar of Lugonu.
   141 | D        | Found a burning altar of Makhleb.
   142 | D        | Found a sparkling altar of Nemelex Xobeh.
   143 | D        | Found an iron altar of Okawaru.
   144 | D        | Found a stormy altar of Qazlal.
   145 | D        | Found a sacrificial altar of Ru.
   146 | D        | Found a shimmering blue altar of Sif Muna.
   147 | D        | Found a bloodstained altar of Trog.
   148 | D        | Found a hide-covered altar of Uskayaw.
   149 | D        | Found a radiant altar of Vehumet.
   150 | D        | Found an ornate altar of the Wu Jian Council.
   151 | D        | Found a shimmering altar of Xom.
   153 | D        | Became a worshipper of Warmaster Okawaru
   155 | D        | Found a basalt altar of Yredelemnul.
   156 | D        | Found a glowing silver altar of Zin.
   157 | D        | Found a glowing golden altar of the Shining One.
   210 | D        | Noticed a yak
   210 | D        | Noticed an orc warrior
   210 | D        | Noticed an ogre
   218 | D        | Killed a yak
   218 | D        | Reached XP level 6. HP: 42/62 MP: 5/5
   224 | D        | Killed an orc warrior
   224 | D        | Reached * piety under Okawaru
   226 | D        | Killed an unseen horror
   226 | D        | Reached ** piety under Okawaru
   226 | D        | Reached skill level 10 in Fighting
   226 | D        | Reached skill level 10 in Armour
   226 | D        | Reached XP level 7. HP: 63/73 MP: 6/6
   233 | D        | Reached skill level 10 in Maces & Flails
   233 | D        | Reached XP level 8. HP: 73/82 MP: 7/7
   374 | D        | Noticed a troll
   374 | D        | Noticed a red ugly thing
   382 | D        | Killed a troll
   382 | D        | Reached *** piety under Okawaru
   398 | D        | Killed a white ugly thing
   398 | D        | Reached skill level 1 in Stealth
   658 | D        | Gained mutation: You have a somewhat thin skeletal
                  | structure. (Dex +2, Stealth) [potion of mutation]
   658 | D        | Gained mutation: You are clumsy. (Dex -2) [potion of
                  | mutation]
   658 | D        | Gained mutation: You are covered in fur. (AC +1) [potion of
                  | mutation]
   659 | D        | Lost mutation: You are clumsy. (Dex -2) [potion of
                  | mutation]
   659 | D        | Lost mutation: You have a somewhat thin skeletal structure.
                  | (Dex +2, Stealth) [potion of mutation]
   659 | D        | Lost mutation: You are covered in fur. (AC +1) [potion of
                  | mutation]
   659 | D        | Gained mutation: You evolve. [potion of mutation]
   659 | D        | Gained mutation: Your body sometimes deteriorates upon
                  | taking damage. [potion of mutation]
   659 | D        | Gained mutation: You have an increased reservoir of magic.
                  | (+10% MP) [potion of mutation]
   660 | D        | Lost mutation: You evolve. [potion of mutation]
   660 | D        | Lost mutation: Your body sometimes deteriorates upon taking
                  | damage. [potion of mutation]
   660 | D        | Gained mutation: Your body sometimes deteriorates upon
                  | taking damage. [potion of mutation]
   660 | D        | Gained mutation: You do not regenerate when monsters are
                  | visible. [potion of mutation]
   660 | D        | Gained mutation: You expend magic power (3 MP) to
                  | strengthen your wands. [potion of mutation]
   678 | D        | Reached **** piety under Okawaru
   680 | D        | Reached XP level 9. HP: 71/90 MP: 8/8
   845 | D        | Noticed a polar bear
   845 | D        | Noticed a cane toad
   861 | D        | Noticed a komodo dragon
   867 | D        | Killed a polar bear
   873 | D        | Killed a cane toad
   873 | D        | Reached skill level 5 in Dodging
   877 | D        | Reached ***** piety under Okawaru
   897 | D        | Killed a komodo dragon
   902 | D        | Reached XP level 10. HP: 62/101 MP: 10/10
  1036 | D        | Noticed a dire elephant
  1036 | D        | Noticed an elephant
  1036 | D        | Noticed an elephant
  1036 | D        | Noticed an elephant
  1036 | D        | Noticed an elephant
  1036 | D        | Noticed an elephant
  1053 | D        | Killed a dire elephant
  1068 | D        | Killed an elephant
  1068 | D        | Reached skill level 15 in Maces & Flails
  1075 | D        | Killed an elephant
  1079 | D        | Noticed an elephant
  1081 | D        | Killed an elephant
  1083 | D        | Noticed an elephant
  1091 | D        | Killed an elephant
  1091 | D        | Reached ****** piety under Okawaru
  1099 | D        | Killed an elephant
  1099 | D        | Received a gift from Okawaru
  1106 | D        | Killed an elephant
  1119 | D        | Killed an elephant
  1119 | D        | Reached skill level 15 in Fighting
  1551 | D        | Noticed Psyche
  1557 | D        | Killed Psyche
  1557 | D        | Reached skill level 1 in Evocations
  1618 | D        | Reached XP level 11. HP: 90/112 MP: 11/11
  1795 | D        | Noticed an orc sorcerer
  1795 | D        | Noticed an orc knight
  1798 | D        | Killed an orc sorcerer
  1813 | D        | Killed an orc knight
  1813 | D        | Reached skill level 15 in Shields
  1815 | D        | Noticed an orc sorcerer
  1817 | D        | Received a gift from Okawaru
  1835 | D        | Killed an orc sorcerer
  2106 | D        | Found Zegour's Book Emporium.
  2110 | D        | Found Poh Jeuj's Distillery.
  2118 | D        | Noticed an orc sorcerer
  2122 | D        | Noticed a sun demon
  2122 | D        | Found Pism's Antique Armour Emporium.
  2123 | D        | Noticed an orc sorcerer
  2140 | D        | Killed an orc sorcerer
  2141 | D        | Found Koirr's Weapon Shoppe.
  2142 | D        | Noticed an orc sorcerer
  2145 | D        | Killed an orc sorcerer
  2151 | D        | Noticed a soul eater
  2154 | D        | Noticed a soul eater
  2161 | D        | Paralysed by an orc sorcerer for 7 turns
  2170 | D        | Killed an orc sorcerer
  2325 | D        | Bought a potion of resistance for 100 gold pieces
  2325 | D        | Bought a potion of mutation for 80 gold pieces
  2325 | D        | Bought a potion of curing for 30 gold pieces
  2325 | D        | Bought a potion of might for 40 gold pieces
  2325 | D        | Bought a potion of curing for 30 gold pieces
  2325 | D        | Lost mutation: Your body sometimes deteriorates upon taking
                  | damage. [potion of mutation]
  2325 | D        | Lost mutation: You have an increased reservoir of magic.
                  | (+10% MP) [potion of mutation]
  2325 | D        | Lost mutation: You expend magic power (3 MP) to strengthen
                  | your wands. [potion of mutation]
  2325 | D        | Lost mutation: You do not regenerate when monsters are
                  | visible. [potion of mutation]
  2325 | D        | Gained mutation: Your movements are slightly less
                  | encumbered by armour. (ER -2) [potion of mutation]
  2325 | D        | Gained mutation: You passively map a small area around you.
                  | [potion of mutation]
  2325 | D        | Gained mutation: You are resistant to electric shocks.
                  | (rElec) [potion of mutation]
  2334 | D        | Bought a masterwork plate armour for 728 gold pieces
  2339 | D        | Identified the +3 plate armour "Cyonousk" {Int+6 Stlth-}
                  | (You bought it in a shop in the Dungeon)
  2345 | D        | Bought a shiny plate armour for 676 gold pieces
  2350 | D        | Bought a pair of embroidered gloves for 195 gold pieces
  2436 | D        | Noticed Joseph
  2447 | D        | Killed Joseph
  2474 | D        | Noticed Maurice
  2480 | D        | Killed Maurice
  2624 | D        | Noticed a deep elf mage
  2632 | D        | Noticed an orc knight
  2634 | D        | Noticed a rakshasa
  2636 | D        | Killed a deep elf mage
  2655 | D        | Noticed a deep troll shaman
  2677 | D        | Killed an orc knight
  2677 | D        | Reached skill level 15 in Armour
  2684 | D        | Killed a deep troll shaman
  2690 | D        | Killed a rakshasa
  2701 | D        | Noticed an ettin
  2710 | D        | Noticed a tengu warrior
  2714 | D        | Slain by an ettin

Illustrated notes

Levels and vault maps discovered:
D:        linesprint [early_d, line_temple, items_1, d_10, items_2, lair_1,
          lair_end, items_3, orc_1, orc_end, items_4, d_15, swamp_1, shoals_1,
          snake_1, spider_1, d_20, vaults_1, items_5, swamp_end, shoals_end,
          snake_end, spider_end, vaults_end, d_27, items_6, zot_1, zot_end,
          crypt_end, forest_end, elf_end, slime_end, tomb_end, abyss_end,
          pan_hell_end]

Skill      XL: |  1  2  3  4  5  6  7  8  9 10 11 |
---------------+----------------------------------+-----
Fighting       | 5 6 7 8 10 11 13 15 17 | 17.4
Armour         | 5 6 7 8 10 11 12 13 15 | 15.1
Shields        | 5 6 7 9 11 12 13 14 16 | 16.9
Maces & Flails | 3 4 5 7 9 10 12 14 16 17 | 17.9
Dodging        | 1 2 3 4 5 6 7 |  7.4
Stealth        | 2 4 |  4.8
Evocations     | 1 2 |  2.8

Action                   |  1- 3 |  4- 6 |  7- 9 | 10-12 || total
-------------------------+-------+-------+-------+-------++-------
Melee: Flail             |    24 |    25 |   135 |    79 ||   263
       Headbutt          |     3 |     5 |    27 |    70 ||   105
       Morningstar       |       |       |       |   202 ||   202
Invok: Heroism           |       |       |       |     1 ||     1
Evoke: Wand              |       |       |       |     7 ||     7
  Use: Potion            |       |     1 |     4 |     2 ||     7
       Scroll            |       |       |       |     1 ||     1
 Stab: Invisible         |       |       |     5 |       ||     5
Armor: Scale mail        |     8 |     3 |       |       ||    11
       Chain mail        |       |     2 |    38 |    44 ||    84
       Plate armour      |       |       |       |    22 ||    22
Dodge: Dodged            |     6 |     5 |    34 |    52 ||    97
Block: Kite shield       |    12 |    10 |    59 |    77 ||   158
       Tower shield      |       |       |       |    50 ||    50

Table legend: (Time is in decaauts)
 A = Elapsed time spent in this place.
 B = Non-inter-level travel time spent in this place.
 C = Inter-level travel time spent in this place.
 D = Time resting spent in this place.
 E = Time spent auto-exploring this place.
 F = Levels seen in this place.
 G = Mean time per level.
                   A        B        C        D        E       F      G
               +--------+--------+--------+--------+--------+-----+--------+
         Total |   2630 |   2630 |      0 |   1226 |    465 |   1 | 2630.0 |
       Dungeon |   2630 |   2630 |      0 |   1226 |    465 |   1 | 2630.0 |
               +--------+--------+--------+--------+--------+-----+--------+

Top non-repeatable levels by time:
       D: 2630 daAuts
